 Dungeon Crawl Stone Soup version 0.31-a0-845-g9abc20d24f (webtiles) character file.

Game seed: 12219594768191321777

9601 userman the Slicer (level 11, -5/124 HPs)
             Began as a Djinni Shapeshifter on Oct 1, 2023.
             Was a High Priest of the Shining One.
             Slain by a large abomination (23 damage)
             ... on level 1 of the Abyss.
             The game lasted 01:35:49 (9973 turns).

userman the Slicer (Djinni Shapeshifter)            Turns: 9973, Time: 01:35:50

Health: -5/124     AC: 29    Str: 17    XL:     11   Next: 77%
Gold:   99         EV:  2    Int: 10    God:    the Shining One [*****.] SH:  0 Dex: 19

rFire   + . .        s - +1 short sword (speed)
rCold   + . .        (no shield)
rNeg    + + .        L - melded +0 plate armour
rPois   ∞            I - melded +2 helmet
rElec   +            Q - melded +2 cloak {Will+}
rCorr   +            (gloves currently unavailable)
SInv    .            (boots unavailable)
Will    +....        p - amulet of regeneration
Stlth   +            n - +4 ring of protection
HPRegen 1.20/turn    h - +6 ring of dexterity
MPRegen 0.00/turn

%: infuse magic (-6 HP)
@: mighty, tree-form, resistant, hasted, glowing, very quick
A: stationary, stasis, torment immunity, boosted hp, sickness immunity, (fire
resistance 2), (cold vulnerability 1), float, innate caster, HP casting, extra
vitality 1, dopey 1, robust 1
a: Renounce Religion, Divine Shield, Cleansing Flame, Summon Divine Warrior


You were on level 1 of the Abyss.
You worshipped the Shining One.
The Shining One was extremely pleased with you.
You were a tree.
You visited 2 branches of the dungeon, and saw 11 of its levels.
You visited the Abyss 1 time.
You also visited: Ossuary.

You collected 660 gold pieces.
You spent 561 gold pieces at shops.

Inventory:

Hand Weapons
 e - a +0 whip of electrocution
 r - a +0 antimagic dagger
 s - a +1 short sword of speed (weapon)
 y - the +4 hand axe of Matebb {heavy, rPois rC+}
   (You bought it in a shop on level 2 of the Dungeon)

   rC+:       It protects you from cold.
   rPois:     It protects you from poison
 H - a +2 whip of freezing
 K - a +2 rapier of venom
 N - a +1 trident of flaming
 V - a +2 mace of holy wrath
 Y - a +4 vampiric whip
Missiles
 j - 25 stones (quivered)
 m - 2 curare-tipped darts
 o - 38 poisoned darts
 E - 7 javelins
 O - a throwing net
Armour
 I - a +2 helmet (melded)
 L - a +0 plate armour (melded)
 Q - a +2 cloak of willpower (melded)
 R - the +2 leather armour of Orarer {rN+ rCorr Int+3 Dex+2}
   (You found it on level 7 of the Dungeon)

   Int+3:     It affects your intelligence (+3).
   Dex+2:     It affects your dexterity (+2).
   rN+:       It protects you from negative energy.
   rCorr:     It protects you from acid and corrosion.
Magical Staves
 W - a staff of air
Jewellery
 h - a +6 ring of dexterity (right branch)
 n - a +4 ring of protection (left branch)
 p - an amulet of regeneration (around neck)
 x - a ring of poison resistance
Talismans
 c - a beast talisman
 d - a flux talisman
 v - a maw talisman
 X - a blade talisman
Wands
 t - a wand of mindburst (11)
 P - a wand of roots (13)
Scrolls
 f - 2 scrolls of noise
 g - 7 scrolls of teleportation
 i - 3 scrolls of torment
 k - 2 scrolls of enchant weapon {unknown}
 l - 6 scrolls of identify
 u - a scroll of acquirement {unknown}
 w - a scroll of silence {unknown}
 G - a scroll of fear
 S - a scroll of poison
 U - a scroll of summoning {unknown}
 Z - a scroll of amnesia
Potions
 a - a potion of enlightenment
 q - 3 potions of brilliance
 z - a potion of curing
 D - 2 potions of magic
 J - a potion of might


   Skills:
 + Level 5.9 Fighting
 + Level 10.4 Short Blades
 + Level 7.5 Armour
 + Level 3.4 Dodging
 - Level 0.3 Stealth
 - Level 5.0 Unarmed Combat
 + Level 3.0 Spellcasting
 + Level 3.0 Conjurations
 + Level 3.0 Hexes
 + Level 3.0 Summonings
 + Level 3.0 Necromancy
 + Level 3.0 Translocations
 + Level 3.0 Transmutations
 + Level 3.0 Fire Magic
 + Level 3.0 Ice Magic
 + Level 3.0 Air Magic
 + Level 3.0 Earth Magic
 + Level 3.0 Poison Magic
 * Level 6.4 Shapeshifting


You knew the following spells:

 Your Spells              Type           Power      Damage    Failure   Level
a - Kiss of Death         Conj/Necr      28%        2d7       9%          1
b - Passwall              Tmut/Erth      5%         N/A       12%         2
c - Summon Guardian Gole  Hex/Summ       7%         N/A       24%         3
d - Tukima's Dance        Hex            7%         N/A       24%         3
e - Iskenderun's Mystic   Conj/Tloc      7%         2d4       63%         4
Your spell library was empty.

Dungeon Overview and Level Annotations

Branches:
Dungeon (10/15)            Temple (1/1) D:4         Ossuary (visited)
   Lair: D:8-11         Orc: D:9-12

Altars:
Ashenzari
Cheibriados
Dithmenos
Elyvilon
Fedhas
Gozag
Hepliaklqana
Makhleb
Nemelex Xobeh
Okawaru
Qazlal
Ru
Trog
Uskayaw
Wu Jian
Xom
Zin
The Shining One

Shops:
D:1 :   D:2 *   D:3 :   D:5 ?*   D:9 ![

Annotations:
D:10 Psyche


Innate Abilities, Weirdness & Mutations

You are a tree.
Your roots penetrate the ground, keeping you stationary.
You cannot be teleported.
You are immune to unholy pain and torment.
Your maximum health is greatly increased.
Your equipment is partially melded.
You are immune to sickness and miasma.
You are immune to poison.
((Your flesh is very heat resistant. (rF++)))
((You are vulnerable to cold. (rC-)))
You float through the air rather than walking.
You learn spells naturally, not from books.
Your magical power is your life essence.
You have superior vitality. (+4 MHP)
You are dopey. (Int -2)
You are robust. (+10% HP)


Message History

The small abomination hits you.
* * * LOW HITPOINT WARNING * * *
You feel better.
The worldbinder hits you but does no damage.
The worldbinder hits you.
The large abomination hits you but does no damage.
The manticore bites you but does no damage.
The manticore claws you but does no damage. x2
The manticore bites you but does no damage.
The manticore claws you!
* * * LOW HITPOINT WARNING * * *
The manticore claws you but does no damage.
The small abomination hits you but does no damage.
You feel protected.
The worldbinder hits you but does no damage. x2
The small abomination hits you.
* * * LOW HITPOINT WARNING * * *
The large abomination completely misses you.
You hit the small abomination.
The small abomination is lightly damaged.
You recover from your berserk rage.
The manticore bites you but does no damage.
The manticore claws you but does no damage. x2
The manticore bites you!
* * * LOW HITPOINT WARNING * * *
The manticore claws you.
* * * LOW HITPOINT WARNING * * *
The manticore claws you but does no damage.
You hit the large abomination.
The large abomination is moderately damaged.
You hit the large abomination.
The large abomination is moderately damaged.
The worldbinder calls forth creatures from the Shoals!
You hit the large abomination.
The large abomination is moderately damaged.
The small abomination hits you but does no damage.
You hit the large abomination but do no damage.
The large abomination is moderately damaged.
The large abomination hits you!!
You die...

. . . ..
#. ...#
.# #..#.
#...##
#..####
##Hx♣H#
#..XxH#
####.#t.
#.#....#
##.
.##.#
#..# .
#.#


You could see a snapping turtle (summoned), 3 manticores, a large abomination, a
worldbinder and a small abomination.

Vanquished Creatures
  Erica (D:8)
  A two-headed ogre (D:8)
  Pikel (D:4)
  The ghost of Ivernyr the Ruffian, a novice VSSh of Wu Jian (D:6)
  A worldbinder (Abyss:1)
  Maurice (D:8)
  2 smoke demons (Abyss:1)
  A wyvern (D:10)
  A vampire (D:6)
  9 yaks (D:9)
  Menkaure (D:4)
  2 steam dragons
  Duvessa (D:7)
  3 water moccasins
  3 ice beasts
  4 orc warriors
  A sky beast (D:6)
  4 black bears
  2 ogres (D:5)
  A phantom (D:6)
  2 kobold brigands
  2 elf zombies (Ossuary)
  5 bullfrogs
  3 gnoll sergeants
  7 scorpions
  4 wights (D:9)
  Dowan (D:7)
  A centaur zombie (Ossuary)
  3 human zombies (Ossuary)
  2 hounds
  2 jellies
  An orc priest (D:9)
  A sleepcap (D:6)
  7 iguanas
  8 orc wizards
  2 mummies (Ossuary)
  Robin (D:3)
  12 gnolls
  13 adders
  2 white imps
  2 ufetubi
  An adder zombie (Ossuary)
  3 worms
  5 dart slugs
  29 orcs
  4 endoplasms
  4 giant cockroaches
  11 goblins
  13 hobgoblins
  2 jackals (D:2)
  14 kobolds
  5 quokkas
  12 ball pythons
  7 bats
  3 frilled lizards (D:1)
  2 goblin zombies (Ossuary)
  14 hobgoblin zombies (Ossuary)
  7 kobold zombies (Ossuary)
  6 orc zombies (Ossuary)
  11 rats
  A rat zombie (Ossuary)
276 creatures vanquished.

Vanquished Creatures (others)
  An orc (D:10)
1 creature vanquished.

Grand Total: 277 creatures vanquished

Notes
Turn   | Place    | Note
-------+----------+-------------------------------------------
     0 | D:1      | userman the Djinni Shapeshifter began the quest for the
                  | Orb.
     0 | D:1      | Reached XP level 1. HP: 17/17 MP: 0/0
   144 | D:1      | Reached XP level 2. HP: 13/22 MP: 0/0
   345 | D:1      | Found Mucutezu's Book Boutique.
   908 | D:2      | Reached XP level 3. HP: 27/27 MP: 0/0
   908 | D:2      | Learned a level 1 spell: Kiss of Death
  1112 | D:2      | Reached XP level 4. HP: 25/32 MP: 0/0
  1547 | D:2      | Found Haimuu's Assorted Antiques.
  2093 | D:3      | Noticed Robin
  2128 | D:3      | Killed Robin
  2133 | D:3      | Reached XP level 5. HP: 23/32 MP: 0/0
  2133 | D:3      | Learned a level 2 spell: Passwall
  2137 | D:3      | Reached skill level 1 in Armour
  2183 | D:3      | Found Esmac's Book Shop.
  2555 | D:3      | Reached XP level 6. HP: 21/42 MP: 0/0
  2627 | D:3      | Reached skill level 5 in Unarmed Combat
  2828 | D:2      | Bought a murky inky potion for 21 gold pieces
  2828 | D:2      | Bought a translucent hand axe for 192 gold pieces
  2828 | D:2      | Identified the +4 hand axe of Matebb {heavy, rPois rC+}
                  | (You bought it in a shop on level 2 of the Dungeon)
  2828 | D:2      | Bought a red potion for 21 gold pieces
  3197 | D:4      | Found a staircase to the Ecumenical Temple.
  3211 | Temple   | Entered the Ecumenical Temple
  3290 | Temple   | Became a worshipper of the Shining One
  3345 | D:4      | Reached skill level 1 in Short Blades
  3345 | D:4      | Reached skill level 1 in Spellcasting
  3345 | D:4      | Reached skill level 1 in Conjurations
  3345 | D:4      | Reached skill level 1 in Hexes
  3345 | D:4      | Reached skill level 1 in Summonings
  3345 | D:4      | Reached skill level 1 in Necromancy
  3345 | D:4      | Reached skill level 1 in Translocations
  3345 | D:4      | Reached skill level 1 in Transmutations
  3345 | D:4      | Reached skill level 1 in Fire Magic
  3345 | D:4      | Reached skill level 1 in Ice Magic
  3345 | D:4      | Reached skill level 1 in Air Magic
  3345 | D:4      | Reached skill level 1 in Earth Magic
  3345 | D:4      | Reached skill level 1 in Poison Magic
  3380 | D:4      | Noticed Menkaure
  3403 | D:5      | Entered Level 5 of the Dungeon
  3418 | D:5      | Found Dihysuug's General Store.
  3534 | D:5      | Found Mypea's Magic Scroll Shoppe.
  3564 | D:5      | Noticed an ogre
  3576 | D:5      | Killed an ogre
  3577 | D:5      | Reached XP level 7. HP: 36/48 MP: 0/0
  3577 | D:5      | Learned a level 3 spell: Summon Guardian Golem
  3626 | D:5      | Noticed a water moccasin
  3644 | D:5      | Killed a water moccasin
  3645 | D:5      | Reached skill level 2 in Short Blades
  3780 | D:5      | Reached skill level 3 in Short Blades
  3809 | D:5      | Noticed a water moccasin
  3826 | D:5      | Killed a water moccasin
  3827 | D:5      | Reached XP level 8. HP: 37/54 MP: 0/0
  3982 | D:5      | Reached skill level 4 in Short Blades
  4283 | D:5      | Bought a scroll of identify for 24 gold pieces
  4283 | D:5      | Bought a scroll of identify for 24 gold pieces
  4295 | D:5      | Gained mutation: You are frail. (-10% HP) [potion of
                  | mutation]
  4296 | D:5      | Lost mutation: You are frail. (-10% HP) [potion of
                  | mutation]
  4296 | D:5      | Gained mutation: You are dopey. (Int -2) [potion of
                  | mutation]
  4296 | D:5      | Gained mutation: You are robust. (+10% HP) [potion of
                  | mutation]
  4544 | D:6      | Reached skill level 5 in Short Blades
  4728 | D:6      | Reached XP level 9. HP: 60/64 MP: 0/0
  4728 | D:6      | Learned a level 3 spell: Tukima's Dance
  4824 | D:6      | Found a runed translucent door.
  4827 | D:6      | Noticed Ivernyr's ghost (novice VSSh)
  4933 | D:6      | Found a runed translucent door.
  5108 | D:6      | Found a shadowy altar of Dithmenos.
  5124 | D:6      | Reached skill level 6 in Short Blades
  5174 | D:6      | Reached * piety under the Shining One
  5405 | D:6      | Found a white marble altar of Elyvilon.
  5669 | D:4      | Killed Menkaure
  5737 | D:4      | Noticed Pikel
  5807 | D:4      | Killed Pikel
  5808 | D:4      | Reached skill level 7 in Short Blades
  6099 | D:5      | Reached XP level 10. HP: 65/73 MP: 0/0
  6533 | D:6      | Killed Ivernyr's ghost
  6534 | D:6      | Reached skill level 8 in Short Blades
  6534 | D:6      | Reached skill level 5 in Armour
  6772 | D:7      | Found a sacrificial altar of Ru.
  6843 | D:7      | Identified the +2 leather armour of Orarer {rN+ rCorr Int+3
                  | Dex+2}
  6852 | D:7      | Reached skill level 5 in Shapeshifting
  6878 | D:7      | Found a sand-covered staircase.
  6886 | Ossuary  | Entered an ossuary
  6906 | Ossuary  | Reached ** piety under the Shining One
  6990 | Ossuary  | Reached *** piety under the Shining One
  7143 | Ossuary  | Reached **** piety under the Shining One
  7294 | D:7      | Found an iron altar of Okawaru.
  7329 | D:7      | Noticed Duvessa
  7332 | D:7      | Noticed Dowan
  7344 | D:7      | Killed Duvessa
  7354 | D:7      | Killed Dowan
  7625 | D:7      | Found a blossoming altar of Fedhas.
  8370 | D:8      | Reached skill level 9 in Short Blades
  8428 | D:8      | Noticed Maurice
  8435 | D:8      | Maurice stole the +4 hand axe of Matebb {heavy, rPois rC+}
  8442 | D:8      | Maurice stole a blade talisman
  8447 | D:8      | Killed Maurice
  8457 | D:8      | Found a broken altar of Ashenzari.
  8463 | D:8      | Found a hazy altar of Hepliaklqana.
  8620 | D:8      | Noticed a two-headed ogre
  8633 | D:8      | Killed a two-headed ogre
  8634 | D:8      | Reached XP level 11. HP: 81/81 MP: 0/0
  8634 | D:8      | Learned a level 4 spell: Iskenderun's Mystic Blast
  8780 | D:8      | Noticed Erica
  8798 | D:8      | Killed Erica
  8799 | D:8      | Reached skill level 5 in Fighting
  9051 | D:9      | Reached skill level 10 in Short Blades
  9210 | D:9      | Found Diryti's Armour Emporium.
  9226 | D:9      | Bought a +2 cloak of willpower for 279 gold pieces
  9575 | D:9      | Found a hide-covered altar of Uskayaw.
  9588 | D:9      | Found a snail-covered altar of Cheibriados.
  9719 | D:9      | Found a glowing silver altar of Zin.
  9736 | D:9      | Found Ogre's Distillery.
  9805 | D:10     | Entered Level 10 of the Dungeon
  9815 | D:10     | Noticed Psyche
  9839 | Abyss:1  | Cast into level 1 of the Abyss (Psyche)
  9910 | Abyss:1  | Noticed a worldbinder
  9912 | Abyss:1  | Noticed a skeletal warrior
  9924 | Abyss:1  | Killed a worldbinder
  9949 | Abyss:1  | Noticed a large abomination
  9949 | Abyss:1  | Reached ***** piety under the Shining One
  9960 | Abyss:1  | HP: 2/83 [small abomination (10)]
  9960 | Abyss:1  | Noticed a worldbinder
  9962 | Abyss:1  | Noticed a manticore
  9962 | Abyss:1  | Noticed a manticore
  9972 | Abyss:1  | Noticed a manticore
  9973 | Abyss:1  | Slain by a large abomination

Illustrated notes

Levels and vault maps discovered:
D:1:      saegor_arrival_miasma, layout_loops_ring, serial_shops,
          nicolae_shop_hallway_plus, minmay_misc_feat_nine_boxes,
          minmay_octomino_e4
D:2:      minmay_spotlight, layout_basic, serial_shops, shop, minmay_circle_x
D:3:      minmay_chambers_of_twos, layout_basic, serial_shops, shop, uniq_robin
D:4:      cheibrodos_helix_gallery, layout_basic, minmay_temple_entry_glass,
          uniq_menkaure, uniq_pikel
D:5:      old_forge, layout_loops_cross, serial_shops, kennysheep_mini_moat,
          shop, shop, shop, amethyst_killhole, chequers_serial_rivers_room_b,
          kennysheep_generic_room_13
D:6:      layout_basic, elyvilon_altar_4, mainiacjoe_overflow_24_doors,
          nicolae_overflow_crystal_walls, ebering_ghost_sewer_f
D:7:      layout_loops_corners, kennysheep_little_box, enter_bailey_2,
          nicolae_ossuary_entry_plus, hangedman_feature_mirror,
          serial_park_tiny_pond, minmay_small_thing, uniq_duvessa
D:8:      layout_loops_ring, minitemple, uniq_erica, uniq_maurice
D:9:      layout_cave_pools, nicolae_kikubaaqudgha_miasma_corner, zin_statuary,
          amethyst_overflow_temple_binary, serial_shops,
          nicolae_shop_tiny_statue_garden, shop
D:10:     layout_stronghold, nicolae_yredelemnul_corpse_copse, erik_lair_island,
          dk_noncrumbling_2, uniq_psyche
Temple:   eino_wide_crystal_templ
Abyss:1:  base:
D:1

Skill      XL: |  1  2  3  4  5  6  7  8  9 10 11 |
---------------+----------------------------------+-----
Shapeshifting  | 3 4 5 6 |  6.4
Unarmed Combat | 4 5 |  5.0
Armour         | 1 2 3 4 6 7 |  7.5
Short Blades   | 1 3 5 7 9 10 | 10.4
Spellcasting   | 1 2 3 |  3.0
Conjurations   | 1 2 3 |  3.0
Hexes          | 1 2 3 |  3.0
Summonings     | 1 2 3 |  3.0
Necromancy     | 1 2 3 |  3.0
Translocations | 1 2 3 |  3.0
Transmutations | 1 2 3 |  3.0
Fire Magic     | 1 2 3 |  3.0
Ice Magic      | 1 2 3 |  3.0
Air Magic      | 1 2 3 |  3.0
Earth Magic    | 1 2 3 |  3.0
Poison Magic   | 1 2 3 |  3.0
Dodging        | 3 |  3.4
Fighting       | 2 3 4 5 |  5.9
Stealth        | |  0.3

Action                     |  1- 3 |  4- 6 |  7- 9 | 10-12 || total
---------------------------+-------+-------+-------+-------++-------
  Melee: Unarmed           |   116 |   158 |       |       ||   274
         Punch             |       |     9 |    21 |    41 ||    71
         Short sword       |       |    81 |   372 |   756 ||  1209
  Throw: Stone             |     8 |    21 |     4 |     6 ||    39
   Cast: Kiss of Death     |       |     2 |       |       ||     2
    Use: Scroll            |       |     4 |     3 |     7 ||    14
         Potion            |       |     2 |     7 |    12 ||    21
   Stab: Sleeping          |     1 |       |       |       ||     1
 Armour: Animal skin       |    25 |       |       |       ||    25
         Scale mail        |    29 |   149 |    80 |       ||   258
         Plate armour      |       |       |   152 |   344 ||   496
         Skin              |       |       |       |    34 ||    34
  Dodge: Dodged            |    57 |    93 |    77 |   125 ||   352
         Form:             |     2 |     1 |     1 |     1 ||     5
         Beast             |     2 |     1 |     1 |     1 ||     5

Table legend: (Time is in decaauts)
 A = Elapsed time spent in this place.
 B = Non-inter-level travel time spent in this place.
 C = Inter-level travel time spent in this place.
 D = Time resting spent in this place.
 E = Time spent auto-exploring this place.
 F = Levels seen in this place.
 G = Mean time per level.
                   A        B        C        D        E       F      G
               +--------+--------+--------+--------+--------+-----+--------+
         Total |   9275 |   9275 |      0 |    200 |   4406 |  13 |  713.5 |
       Dungeon |   8820 |   8820 |      0 |    200 |   4380 |  10 |  882.0 |
        Temple |     87 |     87 |      0 |      0 |      0 |   1 |   87.0 |
         Abyss |    114 |    114 |      0 |      0 |     26 |   1 |  114.0 |
       Ossuary |    252 |    252 |      0 |      0 |      0 |   1 |  252.0 |
               +--------+--------+--------+--------+--------+-----+--------+

Top non-repeatable levels by time:
     D:2: 1399 daAuts
     D:6: 1356 daAuts
     D:5: 1261 daAuts
     D:7: 1241 daAuts
     D:1: 791 daAuts
     D:3: 756 daAuts
     D:4: 735 daAuts
     D:8: 659 daAuts
     D:9: 603 daAuts
 Ossuary: 252 daAuts
 Abyss:1: 114 daAuts
  Temple: 87 daAuts
    D:10: 14 daAuts
